AoeStats
← [Zøren] KwangHo

Nomad

503027915Analyzed
2v2 RM · 1mo ago on Aug 30, 2026· 28m 47s· 4 players
Game mode
Random Map
Map size
176×176
Population
200
Speed
Normal
Resources
Low
Victory
Standard
Starting age
Dark Age
Ending age
Imperial Age
RankedLock teamsTeams togetherTeam positionsShared explorationLock speedFull tech treeHidden civsTurbo modeCheats
Victory
Defeat
🇺🇸 Vietnamese · United States
1082
+20
🇧🇷 Saracens · Brazil
1046
+22
🇨🇱 Spanish · Chile
1179
-21
🇨🇱 Japanese · Chile
1177
-21
xDELTAx Rico
7:42 Loom
14:39 Feudal Age
14:40 Man-at-Arms
18:38 Wheelbarrow
18:52 Arson
23:33 Double-Bit Axe
27:19 Castle Age
25:35 Fletching
28:56 Bodkin Arrow
LurchStein
4:34 Loom
15:16 Feudal Age
16:20 Double-Bit Axe
16:25 Horse Collar
19:15 Wheelbarrow
22:12 Castle Age
20:42 Bloodlines
25:20 Forging
[Zøren] KwangHo
11:33 Loom
13:33 Feudal Age
14:16 Town Watch
14:40 Double-Bit Axe
25:30 Gold Mining
25:31 Stone Mining
25:25 Horse Collar
[Zøren] KripiNauta
10:55 Loom
13:12 Feudal Age
16:18 Double-Bit Axe
16:03 Man-at-Arms
19:16 Fishing Lines
21:32 Gold Mining
23:56 Castle Age
24:28 Gillnets
24:47 Thumb Ring
24:38 Fletching
24:58 Forging
24:51 Squires
24:11 Pikeman
25:43 Wheelbarrow
26:15 Scale Mail Armor
26:11 Bodkin Arrow
28:21 Hand Cart
28:47 Gambesons
Connection lost

Rejoining the realm…

Still unreachable

The connection could not be restored.

Session expired

The server has moved on; the page needs a fresh start.